 Dungeon Crawl Stone Soup version 0.29-b1-12-g9e2288ab2a (webtiles) character file.

Game seed: 9904699216207386174

14 Zeldest the Insei (level 2, 18/18 HPs)
             Began as an Octopode Transmuter on Aug 23, 2022.
             Quit the game on level 1 of the Dungeon.
             The game lasted 00:00:32 (799 turns).

Zeldest the Insei (Octopode Transmuter)              Turns: 799, Time: 00:00:32

Health: 18/18      AC:  1    Str:  9    XL:     2   Next: 41%
Magic:  5/5        EV: 13    Int: 15    God:
Gold:   22         SH:  0    Dex: 12    Spells: 4/5 levels left

rFire   . . .      SeeInvis .     - Unarmed
rCold   . . .      Faith    .   (no shield)
rNeg    . . .      Spirit   .   (helmet restricted)
rPois   .          Reflect  .   (no amulet)
rElec   .          Harm     .   (no ring)
rCorr   .          Rampage  .   (no ring)
Will    .....                   (no ring)
Stlth   ++........              (no ring)
HPRegen 0.06/turn               (no ring)
MPRegen 0.09/turn               (no ring)
                                (no ring)
                                (no ring)

@: no status effects
A: almost no armour, amphibious, 8 rings, camouflage 1, gelatinous body 1,
(nimble swimmer 1), tentacles
a: no special abilities


You were on level 1 of the Dungeon.
You visited 1 branch of the dungeon, and saw 1 of its levels.

You collected 22 gold pieces.

Inventory:

Jewellery
 d - a +6 ring of dexterity
Scrolls
 c - a scroll of teleportation {unknown}
Potions
 a - a potion of lignification
 b - 2 potions of invisibility {unknown}


   Skills:
 + Level 1.3 Fighting
 + Level 2.2 Dodging
 + Level 3.2 Unarmed Combat
 - Level 2.0 Spellcasting
 + Level 2.2 Transmutations


You had 4 spell levels left.
You knew the following spells:

 Your Spells              Type           Power      Damage    Failure   Level
a - Beastly Appendage     Tmut           16%        N/A       9%          1

Your spell library contained the following spells:

 Spells                   Type           Power      Damage    Failure   Level
 Wereblood                Tmut           8%         N/A       14%         2
 Spider Form              Tmut/Pois      4%         N/A       38%         3
 Ice Form                 Ice/Tmut       4%         N/A       80%         4


Dungeon Overview and Level Annotations

Branches:
Dungeon (1/15)

Altars:


Innate Abilities, Weirdness & Mutations

You cannot wear most types of armour.
You are amphibious.
You can wear up to eight rings at the same time.
Your skin changes colour to match your surroundings (Stealth+).
Your rubbery body absorbs attacks. (AC +1, EV +1)
((You are camouflaged when in or above water. (Stealth+)))
You have tentacles for arms and can constrict up to eight enemies at once.


Message History

The hobgoblin is almost dead.
You constrict the hobgoblin, but do no damage.
The hobgoblin closely misses you.
You tentacle-slap the hobgoblin.
You kill the hobgoblin!
No target in view!
Found 9 stones.
No target in view!
An endoplasm comes into view.
An endoplasm is nearby!
An endoplasm is nearby!
The helpless endoplasm fails to defend itself.
You tentacle-slap the endoplasm.
The endoplasm is almost dead.
The endoplasm misses you.
You tentacle-slap the endoplasm.
You kill the endoplasm!
No target in view!
No target in view!
Found a robe.
No target in view!
There is a stone staircase leading down here.
Key pressed, stopping explore.
No target in view!
Key pressed, stopping explore.
No target in view!
No target in view!
As you open the door, it creaks loudly!
No target in view!
There is an open door here.
There is an open door here.
Done exploring.
No target in view!
Done exploring.
No target in view!
Done exploring.
No target in view!
Done exploring.
No target in view!
Are you sure you want to abandon this character and quit the game? (Confirm with "yes".)

.........##.#
##.#######
.........##.#
#.......#
)...........#
#.......#
##.######...#
#.......#
........###.#
#.......#
#...###...###
#.......#
.....####...#######
#......[#
..>...#####..##...#
##...#### .......##
##..##@#####.#.#
........##
##..##......#.#
..#......##
##..##.....#.#
.###......##
##..#.....#.# ##
##......##
##.##....#.# #
##......##
#..#....#.#
##......####.#....#.#
##..........#....#.#
##......####.####.#.#


There were no monsters in sight!

Vanquished Creatures
  3 endoplasms (D:1)
  A giant cockroach (D:1)
  A hobgoblin (D:1)
  2 jackals (D:1)
  A quokka (D:1)
  A bat (D:1)
  A goblin (D:1)
  A kobold (D:1)
  A rat (D:1)
12 creatures vanquished.

Notes
Turn   | Place    | Note
-------+----------+-------------------------------------------
     0 | D:1      | Zeldest the Octopode Transmuter began the quest for the
                  | Orb.
     0 | D:1      | Reached XP level 1. HP: 13/13 MP: 3/3
   399 | D:1      | Reached XP level 2. HP: 9/18 MP: 5/5
   553 | D:1      | Found a faded altar of an unknown god.
   799 | D:1      | Quit the game

Illustrated notes

Levels and vault maps discovered:
D:1:      dpeg_arrival_central, layout_rooms, nicolae_ecumenical_lake_church,
          chequers_decorated_corner, dk_noncrumbling_3

Action                   || total
-------------------------++-------
Melee: Unarmed           ||    26
       Kick              ||     5
       Constrict         ||     6
       Tentacles         ||     3
       Punch             ||     1
 Cast: Beastly Appendage ||     3
 Stab: Sleeping          ||     3
Armor: Skin              ||     1
Dodge: Dodged            ||    16
